 Dungeon Crawl Stone Soup version 0.19.0-9-gfd783f2 (webtiles) character file.

24943 Chiseanne the Nimble (level 12, -9/91 HPs)
             Began as a High Elf Artificer on Nov 7, 2016.
             Was an Initiate of Gozag.
             Mangled by an orc knight
             ... wielding a +0 bardiche
              (14 damage)
             ... while paralysed by Rupert
             ... on level 14 of the Dungeon.
             The game lasted 00:36:26 (14373 turns).

Chiseanne the Nimble (High Elf Artificer)          Turns: 14373, Time: 00:36:26

Health: -9/91      AC: 18    Str: 12    XL:     12   Next: 85%
Magic:  15/15      EV:  2    Int: 19    God:    Gozag
Gold:   843        SH:  0    Dex: 26    Spells: 0 memorised, 11 levels left

rFire  + . .     SeeInvis .     a - +9 long sword "Nizuqif" {drain, rN+}
rCold  . . .     Gourm    .     x - +4 scale mail {rF+}
rNeg   + . .     Faith    .     N - -3 buckler "Siwet" {Slay+2}
rPois  .         Spirit   .     (no helmet)
rElec  .         Reflect  .     B - +0 cloak
rCorr  .         Harm     .     (no gloves)
MR     +....                    z - +2 pair of boots of Egalitarianism {Dex+4}
Stlth  +.........               (no amulet)
                                L - +5 ring of evasion
                                F - +5 ring of dexterity

@: paralysed, gold aura
A: talons 1
a: Potion Petition, Call Merchant, Bribe Branch, Renounce Religion


You were on level 14 of the Dungeon.
You worshipped Gozag.
Gozag was pleased with you.
You were full.

You visited 1 branch of the dungeon, and saw 14 of its levels.

You collected 3134 gold pieces.
You spent 788 gold pieces at shops.
You paid 1503 gold pieces to Gozag.

Inventory:

Hand Weapons
 a - the +9 long sword "Nizuqif" (weapon) {drain, rN+}
   (You found it on level 6 of the Dungeon)

   A truly terrible weapon, it drains the life of those it strikes.
   It protects you from negative energy.
 w - the +9 hunting sling "Koekh" {venom, +Blink rElec}
   (You found it on level 6 of the Dungeon)

   It poisons the ammo it fires.
   It insulates you from electricity.
   It lets you blink.
 P - a +1 scimitar of flaming
 V - the +7 dagger of Subterfuge {pierce, Int+4 Dex+3}
   (You found it on level 10 of the Dungeon)

   It inflicts extra damage upon your enemies.
   It affects your intelligence (+4).
   It affects your dexterity (+3).
Missiles
 c - 36 poisoned needles
 h - 82 sling bullets
 j - 431 stones (quivered)
 r - 8 poisoned tomahawks
 v - 22 bolts
 y - 5 needles of confusion
 G - 4 silver tomahawks
 U - a throwing net
 W - 5 javelins
Armour
 m - a +0 troll leather armour {Purgy}
 x - a +4 scale mail of fire resistance (worn)
 z - the +2 pair of boots of Egalitarianism (worn) {Dex+4}
   (You bought it in a shop on level 8 of the Dungeon)

   It affects your dexterity (+4).
 B - a +0 cloak (worn)
 N - the -3 buckler "Siwet" (worn) {Slay+2}
   (You bought it in a shop on level 8 of the Dungeon)

   It affects your accuracy and damage with ranged weapons and melee attacks
   (+2).
Jewellery
 F - a +5 ring of dexterity (left hand)
 L - a +5 ring of evasion (right hand)
Wands
 s - a wand of paralysis (8/24)
 J - a wand of digging (11/24)
 Q - a wand of lightning (2/15)
 X - a wand of polymorph (21/24)
 Y - a wand of confusion (37/48)
Scrolls
 e - 4 scrolls of remove curse
 i - 2 scrolls of blinking
 n - a scroll of fog
 o - 3 scrolls of teleportation
 t - 5 scrolls of magic mapping
 u - 3 scrolls of immolation
 C - 2 scrolls of enchant weapon
 D - 4 scrolls of amnesia
 K - a scroll of enchant armour
 O - 2 scrolls of fear
Potions
 b - 2 potions of cancellation
 d - 2 potions of curing
 g - 5 potions of heal wounds
 k - a potion of magic
 p - 2 potions of ambrosia
 q - 3 potions of flight
 A - 2 potions of cure mutation
 E - 2 potions of berserk rage
 M - a potion of brilliance
Books
 H - a book of Necromancy

   Spells                             Type                      Level
   a - Pain                           Necromancy                   1
   b - Animate Skeleton               Necromancy                   1
   c - Vampiric Draining              Necromancy                   3
   d - Regeneration                   Charms/Necromancy            3
   e - Animate Dead                   Necromancy                   4
   f - Control Undead                 Necromancy                   4
 I - a book of Cantrips

   Spells                             Type                      Level
   a - Confusing Touch                Hexes                        1
   b - Animate Skeleton               Necromancy                   1
   c - Summon Small Mammal            Summoning                    1
   d - Apportation                    Translocation                1
 R - a book of Clouds

   Spells                             Type                      Level
   a - Mephitic Cloud                 Conjuration/Poison/Air       3
   b - Conjure Flame                  Conjuration/Fire             3
   c - Poisonous Cloud                Conjuration/Poison/Air       6
   d - Freezing Cloud                 Conjuration/Ice/Air          6
   e - Ring of Flames                 Charms/Fire                  7
 T - a book of Debilitation

   Spells                             Type                      Level
   a - Corona                         Hexes                        1
   b - Slow                           Hexes                        2
   c - Gell's Gravitas                Hexes/Translocation          3
   d - Inner Flame                    Hexes/Fire                   3
   e - Cause Fear                     Hexes                        4
   f - Leda's Liquefaction            Hexes/Earth                  4
Comestibles
 f - 8 bread rations
 l - 6 meat rations
 S - 8 royal jellies


   Skills:
 - Level 12.1 Fighting
 - Level 1.2(1.8) Short Blades
 * Level 2.0(2.2) Long Blades
 * Level 11.1 Armour
 * Level 13.3 Dodging
 - Level 1.1 Stealth
 - Level 4.5 Shields
 - Level 3.0 Evocations


You had 11 spell levels left.
You didn't know any spells.

Dungeon Overview and Level Annotations

Branches:
Dungeon (14/15)            Temple (0/1) D:6            Lair (0/6) D:9
    Orc (0/2) D:10
 Vaults: D:13-14

Altars:
Gozag
Hepliaklqana
Kikubaaqudgha
Makhleb
Ru
Trog
Xom

Shops:
D:8 [   D:13 =

Annotations:
D:9 4 runed doors
D:14 Nessos, Rupert


Innate Abilities, Weirdness & Mutations

You have sharp toenails.


Message History

The human is distracted by the nearby gold.
The human hits you but does no damage. Rupert yells loudly at you.
You shrug off the repeated paralysis!
The human is no longer distracted by gold. x2
Nessos mumbles some strange words.
The orc knight hits you from afar with a bardiche!
* * * LOW HITPOINT WARNING * * *
The human hits you but does no damage.
Rupert looks as if he doubts whether you exists.
Rupert hits you with a great mace of protection!
* * * LOW HITPOINT WARNING * * *
Nessos blinks!
Nessos gestures wildly while chanting.
The human is distracted by the nearby gold.
The human hits you.
* * * LOW HITPOINT WARNING * * *
The orc knight hits you from afar with a bardiche!
You die...
Your body crumbles into a pile of gold.

........# #........#
#........# #####.####
####.# #>...# #+#####
##'###### .....pp
#.......# ....po§###
#.#####.# ...pppp@.##
#.#.....#
.c.ppp@#..###.#.#####
...Hppp##..##.#...#.#
....Cpp ##.##.#.#.#.#
.....§p #..'.#.#...#
....... ####.#.###(#
......( #...#)..#
....... ##)######
#..##


You could see Rupert, Nessos, an orc knight, a manticore, a cyclops and 16
humans.

Vanquished Creatures
  A catoblepas (D:14)
  Erica (D:8)
  3 centaur warriors
  Urug (D:12)
  2 unseen horrors
  3 hill giants
  Pikel (D:8)
  2 ugly things
  A cyclops (D:13)
  Psyche (D:12)
  A gargoyle (D:10)
  A steam dragon (D:5)
  Prince Ribbit (D:7)
  3 trolls
  3 hornets (D:9)
  2 two-headed ogres
  4 slime creatures (D:13)
  A meliai zombie (D:13)
  4 hippogriffs
  19 yaks
  A centaur simulacrum (D:14)
  2 wyverns (D:10)
  3 chaos spawn (D:9)
  A hungry ghost (D:8)
  7 vampire mosquitoes
  2 water moccasins
  Purgy (D:3)
  7 sky beasts
  An orc warrior (D:12)
  4 ice beasts
  A slave (D:8)
  3 black bears
  A phantom (D:7)
  9 ogres
  12 centaurs
  2 necrophages
  A crocodile (D:12)
  2 big kobolds
  10 bullfrogs
  A gnoll sergeant (D:9)
  3 wyvern zombies
  8 worker ants
  A wyvern skeleton (D:7)
  13 killer bees
  7 wights
  A howler monkey (D:10)
  5 centaur zombies
  2 bullfrog zombies
  A crimson imp (D:14)
  4 hounds
  3 jellies
  4 orc priests
  2 centaur skeletons
  4 iguanas
  A bullfrog skeleton (D:8)
  3 orc wizards
  A killer bee zombie (D:10)
  A hound skeleton (D:10)
  2 worker ant zombies
  11 adders
  8 gnolls
  2 howler monkey skeletons
  A white imp (D:3)
  4 adder skeletons
  7 worms
  4 leopard geckos
  42 orcs
  4 giant cockroaches
  6 goblins
  7 hobgoblins
  9 jackals
  11 kobolds
  5 quokkas
  A ball python (D:3)
  9 bats
  4 frilled lizards
  5 rats
332 creatures vanquished.

Vanquished Creatures (collateral kills)
  A hound (D:5)
  An orc priest (D:5)
  2 worker ants
  Ijyb (D:3)
  An orc wizard (D:5)
  An adder (D:4)
  A hobgoblin (D:3)
  2 jackals (D:3)
  A quokka (D:3)
  A kobold (D:3)
12 creatures vanquished.

Vanquished Creatures (others)
  A steam dragon (D:5)
  A slave (D:8)
  A bullfrog zombie (D:8)
  A hound (D:8)
  An orc priest (D:5)
  A worm (D:5)
6 creatures vanquished.

Grand Total: 350 creatures vanquished

Notes
Turn   | Place    | Note
-------+----------+-------------------------------------------
     0 | D:1      | Chiseanne the High Elf Artificer began the quest for the Orb.
     0 | D:1      | Reached XP level 1. HP: 13/13 MP: 4/4
   275 | D:1      | Reached XP level 2. HP: 16/18 MP: 5/5
   383 | D:1      | Reached skill level 3 in Dodging
   623 | D:1      | Found a shimmering altar of Xom.
   981 | D:2      | Found a bloodstained altar of Trog.
  1026 | D:2      | Reached XP level 3. HP: 22/24 MP: 6/6
  2132 | D:3      | Noticed Grinder
  2173 | D:3      | Noticed Ijyb
  2193 | D:3      | Killed Ijyb
  2193 | D:3      | Reached XP level 4. HP: 30/30 MP: 7/7
  2206 | D:3      | Noticed Grinder
  2212 | D:3      | Killed Grinder the white imp
  2390 | D:3      | Reached skill level 1 in Armour
  2398 | D:3      | HP: 1/31 [gnoll/whip (6)]
  2406 | D:3      | Reached skill level 4 in Dodging
  2584 | D:3      | Noticed a centaur
  2765 | D:3      | You fall through a shaft for 3 floors!
  2765 | D:6      | Noticed an ogre
  2768 | D:6      | Noticed a necrophage
  2768 | D:6      | Killed an ogre
  2768 | D:6      | Reached XP level 5. HP: 36/36 MP: 8/8
  2776 | D:5      | Entered Level 5 of the Dungeon
  3003 | D:5      | Noticed a centaur
  3018 | D:5      | Killed a centaur
  3018 | D:5      | Reached XP level 6. HP: 7/43 MP: 9/9
  3317 | D:5      | Noticed a steam dragon
  3319 | D:5      | Noticed a steam dragon
  3339 | D:5      | Killed a steam dragon
  3339 | D:5      | Reached skill level 5 in Dodging
  3417 | D:5      | Reached XP level 7. HP: 49/49 MP: 10/10
  4095 | D:3      | Reached skill level 5 in Fighting
  4127 | D:3      | Noticed Purgy
  4359 | D:3      | Found a sacrificial altar of Ru.
  4360 | D:3      | Found an opulent altar of Gozag.
  4361 | D:3      | Found a burning altar of Makhleb.
  4473 | D:3      | Killed Purgy
  4473 | D:3      | Reached skill level 6 in Dodging
  5117 | D:3      | Became a worshipper of Gozag Ym Sagoz the Greedy
  5768 | D:5      | Reached XP level 8. HP: 28/57 MP: 11/11
  6283 | D:6      | Found a staircase to the Ecumenical Temple.
  6347 | D:6      | Reached skill level 7 in Dodging
  6444 | D:6      | Got a crystal hunting sling
  6445 | D:6      | Identified the +9 hunting sling "Koekh" {venom, +Blink rElec} (You found it on level 6 of the Dungeon)
  6553 | D:6      | Got an iridescent long sword
  6567 | D:6      | Identified the +9 long sword "Nizuqif" {drain, rN+} (You found it on level 6 of the Dungeon)
  6960 | D:7      | Reached skill level 5 in Armour
  7221 | D:7      | Reached skill level 8 in Dodging
  7223 | D:7      | Reached XP level 9. HP: 55/63 MP: 12/12
  7266 | D:7      | Noticed Prince Ribbit
  7284 | D:7      | Killed Prince Ribbit
  7700 | D:8      | Bought the -3 buckler "Siwet" {Slay+2} for 58 gold pieces
  7846 | D:8      | Noticed Erica
  7856 | D:8      | Killed Erica
  7901 | D:8      | Found a hazy altar of Hepliaklqana.
  7916 | D:8      | Noticed Pikel
  7920 | D:8      | Killed Pikel
  7920 | D:8      | Reached skill level 9 in Dodging
  7920 | D:8      | Reached XP level 10. HP: 72/72 MP: 13/13
  8456 | D:9      | Found a huge runed gate.
  8457 | D:9      | Found a huge runed gate.
  8459 | D:9      | Found a huge runed gate.
  8459 | D:9      | Noticed a manticore
  8460 | D:9      | Found a huge runed gate.
  8479 | D:9      | Found a shimmering altar of Xom.
  8664 | D:9      | Reached skill level 10 in Dodging
  8728 | D:9      | Found a staircase to the Lair.
  9399 | D:8      | Bought the +2 pair of boots of Egalitarianism {Dex+4} for 358 gold pieces
  9443 | D:10     | Entered Level 10 of the Dungeon
  9488 | D:10     | Found a staircase to the Orcish Mines.
  9523 | D:10     | Noticed a hill giant
  9541 | D:10     | Killed a hill giant
  9541 | D:10     | Reached XP level 11. HP: 27/80 MP: 14/14
 10028 | D:10     | Reached skill level 10 in Fighting
 10264 | D:10     | Reached skill level 11 in Dodging
 10435 | D:10     | Killed an unseen horror
 10561 | D:10     | Got a translucent dagger
 10569 | D:10     | Identified the +7 dagger of Subterfuge {pierce, Int+4 Dex+3} (You found it on level 10 of the Dungeon)
 10664 | D:8      | Bought a +4 scale mail of fire resistance for 372 gold pieces
 10727 | D:11     | Noticed a cyan ugly thing
 10735 | D:11     | Killed a cyan ugly thing
 11057 | D:11     | Killed an unseen horror
 11852 | D:12     | Noticed Urug
 12066 | D:12     | Killed Urug
 12082 | D:12     | Gained mutation: You have sharp toenails. [potion of beneficial mutation]
 12185 | D:12     | Noticed Psyche
 12191 | D:12     | Killed Psyche
 12212 | D:12     | Reached skill level 12 in Dodging
 12234 | D:12     | Noticed a hill giant
 12245 | D:12     | Killed a hill giant
 12430 | D:12     | Reached XP level 12. HP: 77/90 MP: 15/15
 12579 | D:12     | Reached skill level 10 in Armour
 12611 | D:12     | Got a steaming leather armour
 12612 | D:12     | Identified the +1 leather armour "Faalirurr" {MP+9 Stlth+} (You found it on level 12 of the Dungeon)
 13410 | D:13     | Found an ancient bone altar of Kikubaaqudgha.
 13870 | D:13     | Noticed a centaur warrior
 13878 | D:13     | Killed a centaur warrior
 13924 | D:13     | Noticed a centaur warrior
 13947 | D:13     | Reached skill level 13 in Dodging
 13969 | D:13     | Killed a centaur warrior
 14119 | D:14     | Noticed a centaur warrior
 14126 | D:14     | Killed a centaur warrior
 14141 | D:14     | Noticed a catoblepas
 14160 | D:14     | Reached skill level 1 in Long Blades
 14171 | D:14     | Killed a catoblepas
 14358 | D:14     | Noticed Rupert
 14361 | D:14     | Noticed Nessos
 14369 | D:14     | Paralysed by Rupert for 5 turns
 14373 | D:14     | Mangled by an orc knight

Skill      XL: |  1  2  3  4  5  6  7  8  9 10 11 12 |
---------------+-------------------------------------+-----
Dodging        | 3 4 5 6 8 9 10 12 13 | 13.3
Fighting       | 2 3 4 5 6 8 9 11 12 | 12.1
Armour         | 1 2 3 4 5 6 8 9 11 | 11.1
Shields        | 4 |  4.5
Long Blades    | 2 |  2.0
Short Blades   | |  1.2
Stealth        | |  1.1
Evocations     | |  3.0

Action                   |  1- 3 |  4- 6 |  7- 9 | 10-12 || total
-------------------------+-------+-------+-------+-------++-------
Melee: Short sword       |   154 |       |       |       ||   154
       Long sword        |     2 |    41 |   318 |   532 ||   893
 Fire: Hunting sling     |       |       |    18 |    15 ||    33
Throw: Stone             |       |       |     5 |       ||     5
Invok: Call Merchant     |       |       |     1 |     1 ||     2
Evoke: Wand              |     6 |    31 |    21 |    12 ||    70
  Use: Scroll            |    11 |     1 |     5 |    12 ||    29
       Potion            |       |     2 |     5 |     4 ||    11
 Stab: Sleeping          |     5 |       |     6 |     2 ||    13
       Paralysed         |       |       |    13 |     4 ||    17
       Distracted        |       |       |     2 |     4 ||     6
  Eat: Chunk             |     4 |     3 |     6 |       ||    13
       Pizza             |       |       |     1 |     1 ||     2
       Beef jerky        |       |       |     4 |     9 ||    13
       Bread ration      |       |       |     1 |       ||     1
       Fruit             |       |       |       |     8 ||     8
       Royal jelly       |       |       |       |     2 ||     2
Armor: Leather armour    |    27 |       |       |       ||    27
       Scale mail        |    15 |    26 |    61 |   130 ||   232
       Skin              |       |     8 |    98 |       ||   106
       Troll leather arm |       |       |    67 |    53 ||   120
Dodge: Dodged            |    92 |    33 |   315 |   745 ||  1185
Block: Buckler           |       |       |     1 |   132 ||   133
       Rpst.: Long sword |     1 |    10 |   104 |   190 ||   305
